[Event "FIDE Zonal 2.5-W 2019"]
[Site "Montevideo"]
[Date "2019.04.14"]
[Round "2.1"]
[White "Zuriel, Marisa"]
[Black "Amura, Claudia"]
[Result "1/2-1/2"]
[ECO "B30"]
[WhiteElo "2153"]
[BlackElo "2260"]
[Annotator "NA"]
[PlyCount "34"]
[EventDate "2019.04.13"]
[EventType "swiss"]
[EventCountry "URU"]
[SourceTitle "playchess.com"]
[Source "ChessBase"]
[SourceQuality "1"]
[TimeControl "40/5400+30:1800+30"]

1. e4 c5 2. Nf3 Nc6 3. Nc3 e5 4. Bc4 Be7 5. d3 Nf6 6. Nd2 Na5 7. Nf1 a6 $14 8. a4 d6 9. Ne3 O-O 10. O-O Bd7 11. Ned5 Nxd5 12. Nxd5 Bg5 13. Bxg5 Qxg5 14. Nb6 Bg4 15. f3 Bh3 16. Rf2 Rad8 17. Bd5 Be6 1/2-1/2

[Event "FIDE Zonal 2.5-W 2019"]
[Site "Montevideo"]
[Date "2019.04.14"]
[Round "2.2"]
[White "Perez Rodriguez, Jennifer"]
[Black "Brizzi, Milagros Tatiana"]
[Result "1/2-1/2"]
[ECO "B13"]
[WhiteElo "2237"]
[BlackElo "2126"]
[Annotator "NA"]
[PlyCount "50"]
[EventDate "2019.04.13"]
[EventType "swiss"]
[EventCountry "URU"]
[SourceTitle "playchess.com"]
[Source "ChessBase"]
[SourceQuality "1"]
[TimeControl "40/5400+30:1800+30"]

1. e4 c6 2. d4 d5 3. exd5 cxd5 4. c4 Nf6 {[%emt 0:01:26] LiveBook: 9183 Games} 5. Nc3 Nc6 6. Nf3 Bg4 7. cxd5 Nxd5 8. Qb3 Bxf3 9. gxf3 e6 10. Qxb7 Nxd4 11. Bb5+ Nxb5 12. Qc6+ Ke7 13. Qxb5 Qd7 $11 14. Nxd5+ Qxd5 15. Qxd5 exd5 16. Be3 Ke6 17. Ke2 Bb4 18. Rac1 Rhc8 19. Kd3 Bd6 20. Rxc8 Rxc8 21. Bxa7 Ra8 22. Bd4 Rxa2 23. Bxg7 f6 24. Kc2 Be5 25. Rb1 Bxh2 1/2-1/2

[Event "FIDE Zonal 2.5-W 2019"]
[Site "Montevideo"]
[Date "2019.04.14"]
[Round "2.3"]
[White "Vargas, Gabriela"]
[Black "Fernandez, Maria Florencia"]
[Result "1/2-1/2"]
[ECO "A40"]
[WhiteElo "2130"]
[BlackElo "2227"]
[Annotator "NA"]
[PlyCount "120"]
[EventDate "2019.04.13"]
[EventType "swiss"]
[EventCountry "URU"]
[SourceTitle "playchess.com"]
[Source "ChessBase"]
[SourceQuality "1"]
[TimeControl "40/5400+30:1800+30"]

1. d4 g6 2. Nf3 Bg7 3. Bg5 Nf6 4. Nbd2 O-O 5. c3 d6 6. e4 c5 7. dxc5 dxc5 8. Bc4 Qc7 9. O-O Nc6 10. Qe2 h6 11. Bh4 Nh5 12. Qe3 Na5 $15 {[%emt 0:02:28] LiveBook: 5 Games} 13. Bd3 Be6 14. e5 Rad8 15. Bc2 Nc6 16. Qxc5 g5 17. Bg3 Nxg3 18. hxg3 Bxe5 19. Qe3 Bg7 20. Qe4 Rfe8 21. Nb3 Bd5 22. Qh7+ Kf8 23. Be4 Bxe4 24. Qxe4 Rd6 25. Rad1 Red8 26. Rxd6 Qxd6 27. Re1 e6 28. Re2 Qd1+ 29. Re1 Qd5 30. Qxd5 Rxd5 31. g4 b5 32. a3 a5 33. Re2 Rd1+ 34. Re1 Rxe1+ 35. Nxe1 Ke7 36. Kf1 Kd6 37. Ke2 Kd5 38. f3 f5 39. gxf5 exf5 40. Nd3 Bf8 41. Nd2 Bd6 42. Nf1 h5 43. Ne3+ Ke6 44. Nc2 h4 45. Ke3 g4 46. fxg4 fxg4 47. Ke4 h3 48. gxh3 gxh3 49. Kf3 h2 50. Kg2 Kd5 51. b3 Ne7 52. a4 bxa4 53. c4+ Kc6 54. Nd4+ Kd7 55. bxa4 Ng6 56. Nf3 Nf4+ 57. Nxf4 Bxf4 58. Nd4 Bd6 59. Nb3 Bc7 60. Nxa5 Bxa5 1/2-1/2

[Event "FIDE Zonal 2.5-W 2019"]
[Site "Montevideo"]
[Date "2019.04.14"]
[Round "2.4"]
[White "Nejanky, Maisa"]
[Black "Sarquis, Maria Belen"]
[Result "0-1"]
[ECO "C45"]
[WhiteElo "2000"]
[BlackElo "2141"]
[Annotator "NA"]
[PlyCount "114"]
[EventDate "2019.04.13"]
[EventType "swiss"]
[EventCountry "URU"]
[SourceTitle "playchess.com"]
[Source "ChessBase"]
[SourceQuality "1"]
[TimeControl "40/5400+30:1800+30"]

1. e4 e5 2. Nf3 Nc6 3. d4 exd4 4. Nxd4 Bc5 5. Be3 Qf6 6. c3 Nge7 7. Bc4 Ne5 $11 8. Be2 {[%emt 0:00:35] LiveBook: 642 Games} Qg6 9. O-O d6 10. Nd2 Bh3 11. Bf3 Nxf3+ 12. Qxf3 Bg4 13. Qg3 O-O 14. f4 Bd7 15. Qh4 Rfe8 16. f5 Qf6 17. Bg5 Bxd4+ 18. Kh1 Qe5 19. Nf3 Qa5 20. cxd4 f6 21. Bxf6 gxf6 22. Qxf6 Nxf5 23. g4 Re6 24. Qxf5 Qxf5 25. exf5 Re2 26. d5 Rxb2 27. Rab1 Rxb1 28. Rxb1 Rb8 29. Nd4 Kf7 30. g5 b6 31. Kg2 Re8 32. Ne6 c6 33. Rc1 Rc8 34. Kf3 cxd5 35. Rxc8 Bxc8 36. Nd4 Ba6 37. Kf4 Bc4 38. a3 b5 39. Nc6 a6 40. Ke3 Bb3 41. h4 Bc2 42. Nd4 Be4 43. Kd2 a5 44. f6 b4 45. a4 h6 46. Nb3 hxg5 47. hxg5 d4 48. Nxd4 Bd5 49. Nf5 Ke6 50. Ng7+ Ke5 51. Kd3 Bf7 52. Ke3 d5 53. Kd2 Bg6 54. Kc1 d4 55. Kd2 b3 56. Kc1 d3 57. f7 Bxf7 0-1

[Event "FIDE Zonal 2.5-W 2019"]
[Site "Montevideo"]
[Date "2019.04.14"]
[Round "2.5"]
[White "Malan, Lucia"]
[Black "Gomez Barrera, Javiera Belen"]
[Result "0-1"]
[ECO "C92"]
[WhiteElo "1877"]
[BlackElo "2016"]
[Annotator "NA"]
[PlyCount "110"]
[EventDate "2019.04.13"]
[EventType "swiss"]
[EventCountry "URU"]
[SourceTitle "playchess.com"]
[Source "ChessBase"]
[SourceQuality "1"]
[TimeControl "40/5400+30:1800+30"]

1. e4 e5 2. Nf3 Nc6 3. Bb5 a6 4. Ba4 Nf6 5. O-O Be7 6. Re1 b5 7. Bb3 d6 8. c3 O-O 9. h3 Bb7 10. d4 Re8 11. Nbd2 h6 12. Nf1 Bf8 13. Ng3 Na5 14. Bc2 Nc4 15. a4 Nb6 $14 16. b3 bxa4 17. bxa4 a5 18. Bd3 Qc8 19. Ba3 g6 20. dxe5 dxe5 21. Bxf8 Kxf8 22. Bb5 Re6 23. Qc1 Kg7 24. Nd2 Nfd7 25. h4 Ba6 26. c4 Nc5 27. Qc3 Bb7 28. Nb3 Nxb3 29. Qxb3 c6 30. c5 cxb5 31. cxb6 Rxb6 32. axb5 Qc5 33. Rab1 a4 34. Qe3 Qxe3 35. Rxe3 Bc6 36. Rc3 Rxb5 37. Ra1 Bd7 38. Rca3 Rb4 39. f3 Bb5 40. Nf1 Bxf1 41. Kxf1 f5 42. Re3 fxe4 43. Rxe4 Rxe4 44. fxe4 a3 45. Ke2 a2 46. Kd3 Kf6 47. Kc3 Ra4 48. Kd3 Ke6 49. g3 Kd6 50. Kc2 Rxe4 51. Kd3 Ra4 52. Kc3 Kc5 53. Kb3 Kb5 54. Kb2 Kb4 55. g4 e4 0-1

[Event "FIDE Zonal 2.5-W 2019"]
[Site "Montevideo"]
[Date "2019.04.14"]
[Round "2.6"]
[White "Meza, Anahi"]
[Black "Silva Rosas, Natalia"]
[Result "1-0"]
[ECO "A81"]
[WhiteElo "2073"]
[BlackElo "1809"]
[Annotator "NA"]
[PlyCount "97"]
[EventDate "2019.04.13"]
[EventType "swiss"]
[EventCountry "URU"]
[SourceTitle "playchess.com"]
[Source "ChessBase"]
[SourceQuality "1"]
[TimeControl "40/5400+30:1800+30"]

1. d4 f5 2. g3 Nf6 3. Bg2 g6 4. Nf3 Bg7 5. c4 d6 6. O-O O-O 7. Nc3 Qe8 8. b3 h6 $14 9. Bb2 g5 10. Qd3 Na6 11. a3 c6 12. e4 f4 13. gxf4 gxf4 14. e5 Ng4 15. h3 Nxe5 16. dxe5 Nc5 17. Qe2 Qh5 18. Kh2 dxe5 19. b4 Nb3 20. Rae1 Bg4 21. Ne4 Rad8 22. Rd1 Nd4 23. Bxd4 exd4 24. c5 Rd5 25. Rd3 Rfd8 26. Re1 Kh8 27. Qd2 Rf8 28. Qb2 Bf5 29. Qe2 Bg4 30. Qf1 Rg8 31. Ned2 Bf6 32. Ne4 Rd7 33. Nxf6 exf6 34. Rxd4 Rxd4 35. Nxd4 f3 36. Bh1 Qg5 37. Re4 Bf5 38. Nxf5 Qxf5 39. Rg4 Qe5+ 40. Kg1 Qf5 41. Rxg8+ Kxg8 42. Qc4+ Kf8 43. Qg4 Qb1+ 44. Kh2 Qd3 45. Qxf3 Qxf3 46. Bxf3 f5 47. Kg3 Kf7 48. Kf4 Ke6 49. h4 {[%emt 0:00:49] Kd5 Ke4+} 1-0

[Event "FIDE Zonal 2.5-W 2019"]
[Site "Montevideo"]
[Date "2019.04.14"]
[Round "2.7"]
[White "Podesta, Sofia"]
[Black "Reyes Jara, Paula"]
[Result "0-1"]
[ECO "A48"]
[WhiteElo "1417"]
[BlackElo "1926"]
[Annotator "NA"]
[PlyCount "78"]
[EventDate "2019.04.13"]
[EventType "swiss"]
[EventCountry "URU"]
[SourceTitle "playchess.com"]
[Source "ChessBase"]
[SourceQuality "1"]
[TimeControl "40/5400+30:1800+30"]

1. Nf3 Nf6 2. d4 g6 3. Bg5 Bg7 4. e3 O-O 5. Be2 c5 6. O-O cxd4 7. exd4 d5 8. Nbd2 Nc6 9. c3 a6 10. Ne5 Nxe5 11. dxe5 Nd7 12. f4 f6 13. Nf3 Nc5 14. exf6 Bxf6 15. Bxf6 Rxf6 16. c4 Rxf4 17. Qxd5+ Qxd5 18. cxd5 Bf5 19. Ng5 Rb4 20. b3 h6 21. Nf3 Rd8 22. Rad1 Ne4 23. Bc4 Nd6 24. Bd3 Bxd3 25. Rxd3 Re4 26. Re1 Rxe1+ 27. Nxe1 Nb5 28. Nc2 Rc8 29. Rd2 Nc3 30. Ne3 Ne4 31. Rd1 Rc3 32. Nc4 Nf6 33. d6 exd6 34. Rxd6 Rc1+ 35. Kf2 Ne4+ 36. Kf3 Nxd6 37. Nxd6 b5 38. Ne4 Rc2 39. a3 Ra2 0-1

[Event "FIDE Zonal 2.5-W 2019"]
[Site "Montevideo"]
[Date "2019.04.14"]
[Round "3.5"]
[White "Reyes Jara, Paula"]
[Black "Meza, Anahi"]
[Result "0-1"]
[ECO "B43"]
[WhiteElo "1926"]
[BlackElo "2073"]
[Annotator "NA RC"]
[PlyCount "50"]
[EventDate "2019.04.13"]
[EventType "swiss"]
[EventCountry "URU"]
[SourceTitle "playchess.com"]
[Source "ChessBase"]
[SourceQuality "1"]
[TimeControl "40/5400+30:1800+30"]

1. e4 c5 2. Nf3 e6 3. d4 cxd4 4. Nxd4 a6 5. Nc3 b5 6. a3 Qc7 7. Be2 Bb7 {[%emt 0:00:30] B43: Sicilian: Kan Variation: 5 Nc3} 8. Bf3 (8. f4 d6 9. Bf3 Nf6 10. g4 e5 11. Nf5 Nfd7 12. O-O Nb6 13. fxe5 dxe5 14. Kh1 N8d7 15. Nd5 Nxd5 16. exd5 {1-0 (48) Kryakvin,D (2603)-Bocharov,D (2618) Irkutsk 2010}) 8... Nc6 9. Nxc6 Bxc6 10. O-O Bd6 11. h3 Ne7 12. Ne2 $146 ({Predecessor:} 12. Re1 O-O 13. Qe2 Ng6 14. g3 a5 15. Bg2 b4 16. axb4 axb4 17. Rxa8 Rxa8 {0-1 (27) Eriksson,M (2010)-Mortensen,E (2450) Copenhagen 2002}) 12... Ng6 13. g3 (13. Nd4 $11 {remains equal.}) 13... h5 14. Nd4 Bb7 15. Bxh5 Bxg3 16. Qg4 $2 (16. Bxg6 $17 {only move.} Be5 17. f4 Bxd4+ 18. Qxd4) 16... Bh2+ 17. Kh1 Ne5 18. Qe2 g6 19. Bg4 f5 20. f4 Nxg4 21. hxg4 Bxe4+ 22. Nf3 Bxf4+ 23. Kg1 Bxc1 24. Raxc1 Qg3+ $19 (24... fxg4 $142 25. Rce1 gxf3 26. Rxf3 Bxf3 27. Qxf3 Qh2+ 28. Kf1 Rf8 29. Qxf8+ Kxf8) 25. Qg2 Qxg2+ 0-1

[Event "FIDE Zonal 2.5-W 2019"]
[Site "Montevideo"]
[Date "2019.04.14"]
[Round "3.6"]
[White "Malan, Lucia"]
[Black "Nejanky, Maisa"]
[Result "0-1"]
[ECO "B56"]
[WhiteElo "1877"]
[BlackElo "2000"]
[Annotator "NA RC"]
[PlyCount "96"]
[EventDate "2019.04.13"]
[EventType "swiss"]
[EventCountry "URU"]
[SourceTitle "playchess.com"]
[Source "ChessBase"]
[SourceQuality "1"]
[TimeControl "40/5400+30:1800+30"]

1. e4 c5 2. Nf3 d6 3. d4 cxd4 4. Nxd4 Nf6 5. Nc3 Nc6 6. Be3 {[%emt 0:00:49] LiveBook: 893 Games} e5 7. Nb3 Be6 8. Be2 Be7 9. O-O O-O 10. f4 exf4 {[%emt 0:11:49] B59: Classical Sicilian: 6 Be2 e5 7 Nb3} 11. Rxf4 (11. Bxf4 d5 12. exd5 Nxd5 13. Nxd5 Qxd5 14. Qxd5 Bxd5 15. Rad1 Be6 16. Bf3 Rac8 17. c3 Rfd8 18. Be3 Rxd1 19. Rxd1 b6 20. Bf4 Kf8 21. h3 a5 22. Kh1 {½-½ (32) Nakamura,H (2620)-Goldin,A (2620) San Diego 2004}) 11... Ne5 12. Nd4 a6 13. Nxe6 fxe6 14. Qd4 $146 ({Predecessor:} 14. Rf1 b5 15. a3 Rc8 16. Bd4 Nc4 17. Bxc4 Rxc4 18. b3 Rc6 19. Qd3 {½-½ (65) Rohrer,C (1925)-Goldie,T (2083) Geneve 2013}) 14... Rc8 15. Qa4 Qc7 16. Qb3 d5 17. exd5 Bc5 18. Bxc5 Qxc5+ 19. Kh1 Nxd5 20. Nxd5 Qxd5 21. Rxf8+ Rxf8 22. Qxd5 exd5 23. Kg1 Rc8 24. c3 Kf7 25. Re1 Kf6 26. Kf2 Re8 27. Kg3 g5 28. Bg4 Re7 29. Rf1+ Kg6 30. Bf5+ Kg7 31. Rd1 Nc4 32. Bg4 Ne3 33. Re1 Kf6 34. Re2 Nf5+ 35. Kf2 Rxe2+ 36. Kxe2 Nd6 37. Kd3 Ke5 38. Bf3 b6 39. b3 h6 40. Ke3 Nf5+ 41. Kd3 Nh4 42. Ke3 b5 43. g3 Nxf3 44. Kxf3 a5 45. a3 d4 46. c4 a4 47. c5 axb3 48. c6 Kd6 0-1

[Event "FIDE Zonal 2.5-W 2019"]
[Site "Montevideo"]
[Date "2019.04.15"]
[Round "4.6"]
[White "Gomez Barrera, Javiera Belen"]
[Black "Podesta, Sofia"]
[Result "1-0"]
[ECO "C10"]
[WhiteElo "2016"]
[BlackElo "1417"]
[Annotator "NA RC"]
[PlyCount "53"]
[EventDate "2019.04.13"]
[EventType "swiss"]
[EventCountry "URU"]
[SourceTitle "playchess.com"]
[Source "ChessBase"]
[SourceQuality "1"]
[TimeControl "40/5400+30:1800+30"]

1. e4 e6 2. d4 d5 3. Nc3 dxe4 4. Nxe4 Nd7 5. Nf3 Ngf6 6. Bd3 Nxe4 7. Bxe4 Nf6 8. Bd3 Bd6 9. Qe2 {[%emt 0:01:06] C10: French with 3 Nc3: Unusual Black 3rd moves and 3...dxe4} b6 10. Ne5 Bb7 $146 ({Predecessor (4):} 10... O-O 11. Bg5 Bb7 12. O-O-O Kh8 13. Kb1 Be7 14. Qe3 Kg8 15. Qh3 Ne4 16. Be3 Bg5 17. Bxg5 Nxg5 {1-0 (45) Rozenberg,D (2468)-Calugaru,V (2368) ICCF email 2008}) 11. Bb5+ Ke7 12. Nc6+ Bxc6 13. Bxc6 Rb8 14. Qf3 Qc8 15. O-O Rd8 16. Bg5 h6 17. Bd2 ({Better is} 17. Bxf6+ $16 gxf6 18. Rfe1) 17... Kf8 (17... Ng8 $1 $14) 18. Bxh6 $1 Be7 19. Be3 g6 20. Bh6+ $2 (20. c4 $18) 20... Kg8 21. Rad1 Kh7 (21... b5 $16 {keeps fighting.} 22. Rfe1 Rb6) 22. Bf4 Kg7 23. Be5 Rh8 24. Rd3 Qd8 25. Qf4 Bd6 26. Rf3 Bxe5 $18 27. dxe5 1-0

[Event "FIDE Zonal 2.5-W 2019"]
[Site "Montevideo"]
[Date "2019.04.15"]
[Round "4.7"]
[White "Silva Rosas, Natalia"]
[Black "Malan, Lucia"]
[Result "0-1"]
[ECO "C21"]
[WhiteElo "1809"]
[BlackElo "1877"]
[Annotator "NA RC"]
[PlyCount "96"]
[EventDate "2019.04.13"]
[EventType "swiss"]
[EventCountry "URU"]
[SourceTitle "playchess.com"]
[Source "ChessBase"]
[SourceQuality "1"]
[TimeControl "40/5400+30:1800+30"]

1. e4 e5 2. d4 exd4 3. c3 dxc3 4. Nxc3 Nc6 5. Nf3 Be7 6. Bc4 d6 7. h3 Nf6 8. O-O O-O {[%emt 0:07:05] C50: Hungarian Defence and Giuoco Pianissimo} 9. Re1 Ne5 10. Bb3 c6 11. Ng5 $146 ({Predecessor:} 11. Nd4 $11 Re8 12. f4 Ng6 {0-1 (37) Christensen,B (2240)-Picard,R (2339) Ballerup 2009}) 11... h6 12. f4 hxg5 13. fxe5 dxe5 14. Qf3 g4 15. Qg3 Qc7 16. hxg4 Nxg4 17. Rf1 Qd8 18. Be3 Nxe3 19. Qxe3 Qd4 20. Qxd4 exd4 21. Ne2 c5 22. Nf4 Bd6 23. Ng6 Be6 24. Bxe6 fxe6 25. Nxf8 Rxf8 ({Black should play} 25... Bxf8 $17 26. Rf3 c4) 26. Rxf8+ Kxf8 27. Rf1+ Ke7 28. Kf2 Be5 29. Ke2 b5 30. b3 (30. a4 $5) 30... Bc7 (30... c4 $11 {remains equal.}) 31. Kd3 Bb6 32. Rf3 (32. a4 $18) 32... Bc7 33. Rf1 Be5 34. Rf3 Bf6 35. Rf1 Kd6 36. Rc1 Kc6 37. Rc2 Kb6 38. Rc1 e5 39. Rc2 Bg5 40. Rf2 Bf4 41. Rf3 g5 $1 42. g4 a5 $2 {[%emt 0:01:43] [#]} (42... Ka5 $1 $11) 43. Rf1 $2 ({White has to play} 43. a4 $1 $18) 43... a4 44. Rb1 Ka5 45. Kc2 $2 (45. b4+ $17 cxb4 46. Kc2) 45... Kb4 46. Kb2 axb3 47. axb3 d3 48. Ra1 c4 0-1

[Event "FIDE Zonal 2.5-W 2019"]
[Site "Montevideo"]
[Date "2019.04.16"]
[Round "5.1"]
[White "Vargas, Gabriela"]
[Black "Zuriel, Marisa"]
[Result "1-0"]
[ECO "A48"]
[WhiteElo "2130"]
[BlackElo "2153"]
[Annotator "NA"]
[PlyCount "141"]
[EventDate "2019.04.13"]
[EventType "swiss"]
[EventCountry "URU"]
[SourceTitle "playchess.com"]
[Source "ChessBase"]
[SourceQuality "1"]
[TimeControl "40/5400+30:1800+30"]

1. d4 Nf6 2. Nf3 g6 3. Bg5 Bg7 4. Nbd2 O-O 5. c3 d6 6. e4 c5 7. dxc5 dxc5 8. Be2 Nc6 9. O-O h6 10. Be3 b6 11. h3 Qc7 12. Qc2 e5 13. Rfd1 Bb7 14. Nh2 Rfd8 15. Ndf1 Kh7 16. Ng3 Na5 17. f3 Bf8 18. b3 Qe7 19. Rxd8 Rxd8 20. Rd1 Rxd1+ 21. Qxd1 Ne8 22. Nhf1 Nd6 23. Qc2 h5 24. Bc1 Qh4 25. Kh2 Bg7 26. Bd2 Nc6 27. Ne3 Bh6 28. Nd5 Bf4 29. Nxf4 exf4 30. Nh1 Qf6 31. Nf2 Ne5 32. Qc1 g5 33. Nd3 Qe7 34. Nxe5 Qxe5 35. c4 f6 36. Bc3 Qe7 37. Qd2 Nf7 38. h4 Kg6 39. hxg5 fxg5 40. Bb2 Ne5 41. Qc3 Kf6 42. g3 fxg3+ 43. Kxg3 h4+ 44. Kf2 Qd6 45. Bf1 Ke6 46. Ke3 Qd4+ 47. Qxd4 cxd4+ 48. Bxd4 Ng6 49. Bh3+ Kf7 50. Bf1 Nf4 51. Be5 Ne6 52. Bh3 Nd8 53. Bd6 Bc6 54. Bb8 a6 55. Bc7 Ne6 56. Bxe6+ Kxe6 57. Bxb6 Be8 58. Bc7 Bh5 59. Bb8 g4 60. fxg4 Bxg4 61. b4 Bd1 62. Kd4 Be2 63. Kc5 Bd3 64. Kd4 Bc2 65. b5 axb5 66. cxb5 Ba4 67. Kc5 Bc2 68. Bh2 Bxe4 69. a4 Kd7 70. Kb6 Kc8 71. Ka7 1-0

[Event "FIDE Zonal 2.5-W 2019"]
[Site "Montevideo"]
[Date "2019.04.16"]
[Round "5.2"]
[White "Amura, Claudia"]
[Black "Perez Rodriguez, Jennifer"]
[Result "0-1"]
[ECO "D00"]
[WhiteElo "2260"]
[BlackElo "2237"]
[Annotator "NA"]
[PlyCount "104"]
[EventDate "2019.04.13"]
[EventType "swiss"]
[EventCountry "URU"]
[SourceTitle "playchess.com"]
[Source "ChessBase"]
[SourceQuality "1"]
[TimeControl "40/5400+30:1800+30"]

1. d4 d5 2. Bg5 f6 3. Bh4 Nh6 4. f4 Nf5 5. Bf2 e6 6. Nf3 c5 7. e3 Qb6 8. Qc1 Bd7 9. Bd3 Bb5 10. O-O c4 11. Be2 Nd6 12. c3 Nd7 13. Nbd2 Rc8 14. Qc2 f5 15. Kh1 Nf6 16. Ne5 Nde4 17. Bh4 Bd6 18. Ndf3 O-O 19. Rg1 Be8 20. g4 Nxg4 21. Nxg4 fxg4 22. Rxg4 Bg6 23. Qc1 Bf5 24. Rg1 Qc7 25. Qf1 b5 26. a3 a5 27. Be1 b4 28. axb4 axb4 29. Ng5 Nxg5 30. Rxg5 b3 31. Bg4 Bxg4 32. Rxg4 Ra8 33. Rb1 Qf7 34. Qg2 Ra7 35. Bh4 Rfa8 36. Rg1 g6 37. e4 Ra1 38. Be1 dxe4 39. h4 R1a5 40. Qxe4 Qf5 41. Qe2 Qd5+ 42. R1g2 Be7 43. Kg1 Kf7 44. h5 Rg8 45. R4g3 Qc6 46. Rh3 gxh5 47. Rxg8 Kxg8 48. Rxh5 Rxh5 49. Qxh5 Qe4 50. Qe8+ Bf8 51. Bd2 Qe2 52. f5 Qd1+ 0-1

[Event "FIDE Zonal 2.5-W 2019"]
[Site "Montevideo"]
[Date "2019.04.16"]
[Round "5.3"]
[White "Sarquis, Maria Belen"]
[Black "Fernandez, Maria Florencia"]
[Result "0-1"]
[ECO "B09"]
[WhiteElo "2141"]
[BlackElo "2227"]
[Annotator "NA"]
[PlyCount "104"]
[EventDate "2019.04.13"]
[EventType "swiss"]
[EventCountry "URU"]
[SourceTitle "playchess.com"]
[Source "ChessBase"]
[SourceQuality "1"]
[TimeControl "40/5400+30:1800+30"]

1. e4 d6 2. d4 Nf6 3. Nc3 g6 4. f4 Bg7 5. Nf3 O-O 6. Bd3 Nc6 7. e5 dxe5 8. fxe5 Nh5 9. Be3 Bg4 10. Be2 f6 11. exf6 exf6 12. Qd2 Re8 13. O-O-O Ne7 14. Nh4 Bxe2 15. Qxe2 Nd5 16. Qc4 c6 17. Bd2 Kh8 18. Rhe1 Qd7 19. Nf3 Nhf4 20. g3 b5 21. Qf1 Nxc3 22. Bxc3 Nd5 23. Bd2 Nb6 24. Kb1 Nc4 25. Bc1 a5 26. Rxe8+ Rxe8 27. Re1 a4 28. Rxe8+ Qxe8 29. Qe1 Qd7 30. b3 axb3 31. axb3 Nb6 32. Qa5 Nc8 33. Ba3 Kg8 34. Bc5 Bf8 35. Qb4 Bxc5 36. Qxc5 Ne7 37. Nd2 Qe6 38. Kb2 Nd5 39. c4 bxc4 40. bxc4 Ne3 41. Kb3 Qg4 42. Ka4 Qe2 43. Nb3 Nxc4 44. Qxc6 Qa2+ 45. Kb4 Qxb3+ 46. Kc5 Nd2 47. Qe8+ Kg7 48. d5 Qc4+ 49. Kd6 Ne4+ 50. Ke6 Ng5+ 51. Kd6 Nf7+ 52. Ke7 Qc5+ 0-1

[Event "FIDE Zonal 2.5-W 2019"]
[Site "Montevideo"]
[Date "2019.04.16"]
[Round "5.4"]
[White "Brizzi, Milagros Tatiana"]
[Black "Gomez Barrera, Javiera Belen"]
[Result "0-1"]
[ECO "C45"]
[WhiteElo "2126"]
[BlackElo "2016"]
[Annotator "NA"]
[PlyCount "136"]
[EventDate "2019.04.13"]
[EventType "swiss"]
[EventCountry "URU"]
[SourceTitle "playchess.com"]
[Source "ChessBase"]
[SourceQuality "1"]
[TimeControl "40/5400+30:1800+30"]

1. e4 e5 2. Nf3 Nc6 3. d4 exd4 4. Nxd4 Bc5 5. Be3 Qf6 6. c3 Nge7 7. Bc4 O-O 8. O-O b6 9. Nc2 Ne5 10. Be2 Bb7 11. Nd2 Bxe3 12. Nxe3 N5g6 13. g3 d5 14. Bf3 Rad8 15. Bg2 dxe4 16. Qc2 Ne5 17. Nxe4 Nf3+ 18. Kh1 Bxe4 19. Qxe4 Nd2 20. Qc2 Nxf1 21. Rxf1 Rfe8 22. Kg1 h6 23. a3 Ng6 24. Qa4 a5 25. Nd5 Qd6 26. b4 axb4 27. axb4 Ne7 28. Ne3 Qe5 29. c4 Nf5 30. Nd5 Nd4 31. b5 Ne2+ 32. Kh1 Nc3 33. Qb3 Nxd5 34. Bxd5 Rd6 35. Kg1 Rf6 36. Qd3 g6 37. Rd1 Kg7 38. Rf1 h5 39. f4 Qe3+ 40. Qxe3 Rxe3 41. Kf2 Ra3 42. h4 Rd6 43. Rd1 Kf8 44. Rd2 Rd7 45. Kg2 Re7 46. Kh2 Ree3 47. Rg2 Ke7 48. Kh3 Rac3 49. Kh2 Kf6 50. Kh3 Re1 51. Kh2 Rec1 52. Rb2 R3c2+ 53. Rxc2 Rxc2+ 54. Kh3 Ke7 55. Bf3 Rxc4 56. Be2 Rc2 57. Bd3 Rb2 58. Bc4 Rb4 59. Bd3 Kd6 60. Be2 Kc5 61. f5 Kd4 62. fxg6 fxg6 63. Bf1 Ke3 64. Kh2 Rb2+ 65. Kh3 Kf2 66. Bc4 Kg1 67. g4 Rc2 68. gxh5 gxh5 0-1

[Event "FIDE Zonal 2.5-W 2019"]
[Site "Montevideo"]
[Date "2019.04.16"]
[Round "5.5"]
[White "Meza, Anahi"]
[Black "Nejanky, Maisa"]
[Result "0-1"]
[ECO "A52"]
[WhiteElo "2073"]
[BlackElo "2000"]
[Annotator "NA"]
[PlyCount "72"]
[EventDate "2019.04.13"]
[EventType "swiss"]
[EventCountry "URU"]
[SourceTitle "playchess.com"]
[Source "ChessBase"]
[SourceQuality "1"]
[TimeControl "40/5400+30:1800+30"]

1. d4 Nf6 2. c4 e5 3. dxe5 Ng4 4. Nf3 Bc5 5. e3 Nc6 6. Nc3 Ngxe5 7. Nxe5 Nxe5 8. Be2 O-O 9. O-O Re8 10. f4 Nc6 11. f5 a5 12. f6 Re6 13. Nd5 g6 14. Bg4 Re8 15. Qf3 Ra6 16. Qg3 Ne5 17. Kh1 Bf8 18. e4 Nxg4 19. Qxg4 Rae6 20. Bg5 Rxe4 21. Ne7+ Qxe7 22. fxe7 Rxg4 23. exf8=Q+ Kxf8 24. Bf4 Re2 25. g3 b6 26. Rfe1 Bb7+ 27. Kg1 Rg2+ 28. Kf1 Rxf4+ 29. gxf4 Rxb2 30. Re2 Rxe2 31. Kxe2 Ba6 32. Kd3 d5 33. Rc1 Bxc4+ 34. Kd4 c5+ 35. Ke5 Ke7 36. a4 f6# {Kd4} 0-1

[Event "FIDE Zonal 2.5-W 2019"]
[Site "Montevideo"]
[Date "2019.04.16"]
[Round "5.6"]
[White "Podesta, Sofia"]
[Black "Malan, Lucia"]
[Result "1/2-1/2"]
[ECO "D03"]
[WhiteElo "1417"]
[BlackElo "1877"]
[Annotator "NA"]
[PlyCount "125"]
[EventDate "2019.04.13"]
[EventType "swiss"]
[EventCountry "URU"]
[SourceTitle "playchess.com"]
[Source "ChessBase"]
[SourceQuality "1"]
[TimeControl "40/5400+30:1800+30"]

1. d4 d5 2. Nf3 Nf6 3. Bg5 e6 4. e3 Be7 5. Bd3 O-O 6. O-O c5 7. c3 c4 8. Bc2 Nc6 9. Nbd2 b5 10. Qe2 Re8 11. Ne5 Nxe5 12. dxe5 Nd7 13. Bxe7 Qxe7 14. f4 Bb7 15. Qh5 g6 16. Qh6 Qf8 17. Qh4 f6 18. exf6 Qxf6 19. Qg4 Qg7 20. h4 Re7 21. Nf3 e5 22. Ng5 Nf6 23. Qg3 Nh5 24. Qg4 exf4 25. exf4 Rae8 26. f5 Nf6 27. Qd4 gxf5 28. Bxf5 h6 29. Nf3 Ne4 30. Qxg7+ Rxg7 31. Nd4 Ng3 32. Be6+ Kh7 33. Rf6 Ne4 34. Bf5+ Kg8 35. Rxh6 Bc8 36. Bxc8 Rxc8 37. Rf1 Ng3 38. Rff6 Re8 39. Re6 Rf8 40. Rhf6 Rb8 41. Rg6 Ne4 42. Rxg7+ Kxg7 43. Re5 b4 44. Rxd5 bxc3 45. bxc3 Nxc3 46. Rc5 Nxa2 47. Rxc4 Rb4 48. Rc7+ Kf6 49. Rxa7 Rxd4 50. Rxa2 Rxh4 51. Ra5 Kg6 52. g3 Rb4 53. Kh2 Rd4 54. Kh3 Rc4 55. g4 Rb4 56. Kh4 Rb6 57. Ra8 Kh6 58. g5+ Kg6 59. Rg8+ Kh7 60. Re8 Kg6 61. Re5 Rb4+ 62. Kg3 Rb3+ 63. Kf2 1/2-1/2

[Event "FIDE Zonal 2.5-W 2019"]
[Site "Montevideo"]
[Date "2019.04.16"]
[Round "5.7"]
[White "Reyes Jara, Paula"]
[Black "Silva Rosas, Natalia"]
[Result "1-0"]
[ECO "B41"]
[WhiteElo "1926"]
[BlackElo "1809"]
[Annotator "NA"]
[PlyCount "94"]
[EventDate "2019.04.13"]
[EventType "swiss"]
[EventCountry "URU"]
[SourceTitle "playchess.com"]
[Source "ChessBase"]
[SourceQuality "1"]
[TimeControl "40/5400+30:1800+30"]

1. e4 c5 2. Nf3 e6 3. d4 cxd4 4. Nxd4 a6 5. Be3 Qc7 6. c4 Nf6 7. Bd3 d6 8. O-O Nbd7 9. Nd2 Ne5 10. Be2 h5 11. h3 Bd7 12. Rc1 Be7 13. b4 Rc8 14. a3 b6 15. f4 Nc6 16. N4b3 e5 17. Qe1 Rb8 18. Qg3 h4 19. Qf2 Bc8 20. Rfd1 Nh5 21. c5 dxc5 22. bxc5 b5 23. f5 Ng3 24. Bd3 a5 25. Nf3 a4 26. Nbd2 Ba6 27. Nf1 Nxf1 28. Qxf1 Qa7 29. Rd2 Rb7 30. Rb2 Qb8 31. Rcb1 Na7 32. Qe1 Qc7 33. Qc3 f6 34. Bf2 b4 35. axb4 Bxd3 36. Qxd3 Nb5 37. Nxh4 a3 38. Ra2 O-O 39. Ng6 Rd8 40. Qb3+ Kh7 41. Qg3 Qc6 42. Qh4+ Kg8 43. Rb3 Qd7 44. Rg3 Qd1+ 45. Kh2 Qb1 46. Qh8+ Kf7 47. Nxe5+ fxe5 1-0